 Dungeon Crawl Stone Soup version 0.27.0-1-g7a089689b8 (webtiles) character file.

Game seed: 4765854108108047862

30 robertstho the Magician (level 3, 0/27 HPs)
             Began as a Djinni Fire Elementalist on Aug 10, 2021.
             Killed from afar by Natasha (3 damage)
             ... with a magic dart
             ... on level 2 of the Dungeon.
             The game lasted 00:01:55 (1535 turns).

robertstho the Magician (Djinni Fire Elementalist)  Turns: 1535, Time: 00:01:56

Health: 0/27       AC:  3    Str:  7    XL:     3   Next: 35%
Gold:   28         EV: 11    Int: 17    God:
                   SH:  3    Dex: 13

rFire    + + .     SeeInvis .   (no weapon)
rCold    x . .     Faith    .   f - +0 buckler
rNeg     . . .     Spirit   .   a - +1 robe
rPois    ∞         Reflect  .   (no helmet)
rElec    .         Harm     .   (no cloak)
rCorr    +         Rampage  .   (no gloves)
Will     .....                  (boots unavailable)
Stlth    ++........             (no amulet)
HPRegen  0.09/turn              e - ring of resist corrosion
MPRegen  0.00/turn              (no ring)

@: flying, slowed, very slow
A: sickness immunity, fire resistance 2, cold vulnerability 1, float, innate
caster, hp casting, extra vitality 1
a: no special abilities


You were on level 2 of the Dungeon.
You visited 1 branch of the dungeon, and saw 2 of its levels.

You collected 28 gold pieces.

Inventory:

Armour
 a - a +1 robe (worn)
 f - a +0 buckler (worn)
Jewellery
 e - a ring of resist corrosion (left hand)


   Skills:
 * Level 1.1 Fighting
 + Level 2.4 Dodging
 + Level 1.6 Stealth
 * Level 3.0 Spellcasting


You couldn't memorise any spells.
You knew the following spells:

 Your Spells              Type           Power      Damage    Failure   Level
a - Foxfire               Conj/Fire      48%        2x1d6     9%          1
b - Conjure Flame         Conj/Fire      12%        6-21      26%         3
c - Inner Flame           Hex/Fire       12%        N/A       26%         3
d - Sticky Flame          Conj/Fire      12%        2d4       63%         4
e - Fireball              Conj/Fire      6%         3d5       93%         5
f - Sandblast             Erth           24%        2d8       9%          1
Your spell library was empty.

Dungeon Overview and Level Annotations

Branches:
Dungeon (2/15)

Altars:

Shops:
D:1 *

Annotations:
D:1 Good shop
D:2 Natasha


Innate Abilities, Weirdness & Mutations

You are immune to sickness and miasma.
You are immune to poison.
Your flesh is very heat resistant. (rF++)
You are vulnerable to cold. (rC-)
You float through the air rather than walking.
You learn spells naturally, not from books.
Your magical power is your life essence.
You have superior vitality. (+4 HP)


Message History

Casting: Foxfire (safe; 9% risk of failure)
Press: ? - help, Q - select action, (/) - cycle Dir - look around, f - activate You conjure some foxfire!
* * * LOW HITPOINT WARNING * * *
The foxfire hits Natasha.
Natasha is severely wounded.
The foxfire hits Natasha but does no damage.
Natasha is severely wounded.
Natasha stares at you and mumbles some strange words.
The magic dart hits you.
* * * LOW HITPOINT WARNING * * *
The crimson imp shouts, "Decamp, thou defiled sow-suckled scut!"
Your foxfire dissipates!
The crimson imp disappears in a puff of smoke!
The foxfire hits Natasha.
Natasha is almost dead.
You aren't carrying any potions.
As you read the scroll labelled PAHO WOIPSUSHE, it crumbles to dust.
It is a scroll of enchant armour.
Your +0 robe glows green for a moment.
The shadow imp disappears in a puff of smoke!
Natasha casts a spell.
As you read the scroll labelled HEHY JOHUPPE, it crumbles to dust.
You hear a loud clanging noise!
It was a scroll of noise.
You block Natasha's attack.
As you read the scroll labelled WOEKHL VAFIGAUMUU, it crumbles to dust.
It is a scroll of identify.
You don't have any unidentified items.
The iron imp grins evilly.
The iron imp barely misses you. Natasha misses you.
Natasha mumbles some strange words.
Natasha stares at you and mumbles some strange words.
You feel yourself slow down. Natasha barely misses you.
The iron imp disappears in a puff of smoke!
Natasha stares at you and mumbles some strange words.
You feel as though you will be slow longer.
Natasha stares at you and mumbles some strange words.
The magic dart hits you.
You die...

#.####.....# #.####.###.#
###.#......#.###
#...#.>....#...# ..
#.###......###.# .....
#......# #.# ...##
######## #.# #.....#######
#†# ....##.<.@...# #.#
........####h######.#####.
#####
...###....................
#....
#.....##...§.....#######.
..... .#.....###.....#
..... # ###.....#.....#
..... #####..5..#.....#
.....#####...............#
.§..†5...†.#########§....#


You could see Natasha.

Vanquished Creatures
  A ball python (D:1)
  4 bats (D:1)
  An endoplasm (D:2)
  A giant cockroach (D:2)
  3 goblins
  4 hobgoblins
  3 jackals (D:1)
  2 kobolds (D:1)
  3 quokkas (D:2)
  A frilled lizard (D:1)
  2 rats
25 creatures vanquished.

Vanquished Creatures (others)
  101 foxfires
101 creatures vanquished.

Grand Total: 126 creatures vanquished

Notes
Turn   | Place    | Note
-------+----------+-------------------------------------------
     0 | D:1      | robertstho the Djinni Fire Elementalist began the quest for
                  | the Orb.
     0 | D:1      | Reached XP level 1. HP: 15/15 MP: 0/0
   128 | D:1      | Found Wogim's Assorted Antiques.
   340 | D:1      | Reached XP level 2. HP: 16/22 MP: 0/0
  1128 | D:2      | Reached XP level 3. HP: 23/26 MP: 0/0
  1128 | D:2      | Learned a level 1 spell: Sandblast
  1136 | D:2      | Reached skill level 1 in Fighting
  1432 | D:2      | Reached skill level 3 in Spellcasting
  1501 | D:2      | Noticed Natasha
  1535 | D:2      | Killed from afar by Natasha

Illustrated notes

Levels and vault maps discovered:
D:1:      dpeg_arrival_windows_large_door, layout_loops_ring, serial_shops, shop
D:2:      layout_rooms, hellmonk_ecumenical_altar_heavens_door, uniq_natasha

Skill      XL: |  1  2  3 |
---------------+----------+-----
Fighting       | 1 |  1.1
Spellcasting   | 3 |  3.0
Dodging        | |  2.4
Stealth        | |  1.6

Action                   || total
-------------------------++-------
Melee: Unarmed           ||     2
 Cast: Foxfire           ||    63
  Use: Scroll            ||     3
Armor: Robe              ||     1
Dodge: Dodged            ||    13
Block: Buckler           ||     2
